 Dungeon Crawl Stone Soup version 0.22-a0-445-g8c8ef71 (webtiles) character file.

700 Adrenoch the Ruffian (level 7, 0/67 HPs)
             Began as a Troll Monk on June 2, 2018.
             Was a Believer of Makhleb.
             Slain by a hornet (12 damage)
             ... on level 5 of the Dungeon.
             The game lasted 00:27:10 (3142 turns).

Adrenoch the Ruffian (Troll Monk)                   Turns: 3142, Time: 00:27:10

Health: 0/67       AC:  7    Str: 21    XL:     7   Next: 38%
Magic:  6/6        EV: 11    Int:  6    God:    Makhleb [**....]
Gold:   89         SH:  0    Dex: 13    Spells: 6/6 levels left

rFire    . . .     SeeInvis .     - Unarmed
rCold    . . .     Gourm    +   (no shield)
rNeg     . . .     Faith    .   a - +2 robe
rPois    +         Spirit   .   (helmet restricted)
rElec    .         Reflect  .   (no cloak)
rCorr    .         Harm     .   (gloves unavailable)
MR       .....                  (boots unavailable)
Stlth    ++........             (no amulet)
HPRegen  0.61/turn              z - ring of poison resistance
MPRegen  0.10/turn              (no ring)

@: about to teleport
A: large, unfitting armour, claws 3, fast metabolism 3, gourmand, regeneration
1, shaggy fur 1, tough skin 2
a: Minor Destruction, Renounce Religion


You were on level 5 of the Dungeon.
You worshipped Makhleb.
Makhleb was pleased with you.
You were not hungry.

You visited 1 branch of the dungeon, and saw 5 of its levels.

You collected 89 gold pieces.

Inventory:

Hand Weapons
 f - a +0 dagger
 i - a +0 hand axe
 j - a +0 dagger
 k - a +0 dagger
 l - a +0 dagger
 m - a +0 club
 s - a +0 club
 t - a +0 short sword
 u - a +0 club
 w - a +0 club
 C - a +0 dagger
 D - a +0 long sword
 G - a +0 club
 H - a +0 club
 J - a cursed +0 club
 K - a +0 whip
 M - a +0 dagger
 N - a cursed -2 dagger
 O - a +0 club
Missiles
 p - 60 bolts
 q - 19 arrows
 v - 153 stones (quivered)
 A - 43 poisoned needles
Armour
 a - a +2 robe (worn)
 c - a +0 robe
Magical Staves
 B - an uncursed staff of power {unknown}
Jewellery
 z - a ring of poison resistance (left claw)
 E - a cursed ring of teleportation {unknown}
Scrolls
 e - 2 scrolls of identify
 n - 2 scrolls of remove curse
 F - a scroll of blinking {unknown}
 Q - a scroll of random uselessness {unknown}
Potions
 d - a potion of magic
 h - a potion of experience {unknown}
 o - a potion of agility {unknown}
 r - 3 potions of curing
 x - a potion of might {unknown}
 I - a potion of mutation {unknown}
 L - a potion of flight {unknown}
 P - a potion of resistance {unknown}
 R - a potion of heal wounds {unknown}
Comestibles
 b - 2 rations


   Skills:
 + Level 3.5 Fighting
 + Level 1.7 Throwing
 + Level 4.2 Dodging
 - Level 1.0 Stealth
 * Level 6.5 Unarmed Combat


You had 6 spell levels left.
You didn't know any spells.
Your spell library was empty.

Dungeon Overview and Level Annotations

Branches:
Dungeon (5/15)
 Temple: D:4-7

Altars:
Ashenzari
Cheibriados
Gozag
Makhleb
Ru
Wu Jian
Yredelemnul


Innate Abilities, Weirdness & Mutations

You are too large for most types of armour.
You have claws for hands.
Your metabolism is lightning-fast.
You like to eat raw meat.
Your natural rate of healing is unusually fast.
You are covered in fur. (AC +1)
You have very tough skin. (AC +2)


Message History

The hornet stings you!
You completely miss the hornet.
The hornet is lightly wounded.
The hornet stings you.
The hornet stings you but does no damage.
You barely miss the hornet.
The hornet is lightly wounded.
The hornet barely misses you.
You miss the hornet.
The hornet is lightly wounded.
The hornet closely misses you.
You claw the hornet!
The hornet is heavily wounded.
The hornet stings you. The hornet stings you!
* * * LOW HITPOINT WARNING * * *
As you read the scroll of teleportation, it crumbles to dust.
You feel strangely unstable. The hornet stings you.
* * * LOW HITPOINT WARNING * * *
The hornet stings you!
You die...

#........# #........#
#........#
####........#
####...........#
####..............# ##
#....##..........##
.####>#####.........>#
........###.....@....#
.######.........y....#
## ###.#..........)#
####...##.........##
##....####..........#
##..#######).........#
...## ##...).........#
#######..##).........#
####....###..........#


You could see a hornet.

Vanquished Creatures
  Grinder (D:4)
  A crimson imp (D:5)
  2 hounds
  A bullfrog skeleton (D:5)
  An iguana (D:4)
  2 worker ants
  3 orc wizards
  A killer bee zombie (D:5)
  2 hound skeletons
  A worker ant zombie (D:5)
  2 adders
  3 gnolls (D:2)
  A shadow imp (D:5)
  An ooze (D:1)
  An adder skeleton (D:5)
  3 worms
  4 dart slugs (D:1)
  3 leopard geckos
  9 orcs
  5 bats
  7 giant cockroaches
  5 hobgoblins
  3 jackals (D:4)
  3 quokkas
  3 ball pythons
  A ball python skeleton (D:4)
  2 frilled lizards
  11 goblins
  6 kobolds
  A leopard gecko skeleton (D:4)
  A leopard gecko zombie (D:5)
  8 rats
98 creatures vanquished.

Notes
Turn   | Place    | Note
-------+----------+-------------------------------------------
     0 | D:1      | Adrenoch the Troll Monk began the quest for the Orb.
     0 | D:1      | Reached XP level 1. HP: 22/22 MP: 0/0
    49 | D:1      | Reached XP level 2. HP: 28/29 MP: 1/1
   271 | D:1      | Reached XP level 3. HP: 36/36 MP: 2/2
   978 | D:2      | Reached XP level 4. HP: 37/44 MP: 3/3
  1000 | D:2      | Reached skill level 4 in Unarmed Combat
  1713 | D:3      | Reached XP level 5. HP: 53/53 MP: 4/4
  1839 | D:4      | Found an opulent altar of Gozag.
  2126 | D:4      | Noticed Grinder
  2131 | D:4      | Paralysed by Grinder for 7 turns
  2142 | D:4      | Killed Grinder
  2142 | D:4      | Reached skill level 5 in Unarmed Combat
  2142 | D:4      | Reached XP level 6. HP: 41/61 MP: 5/5
  2174 | D:4      | Found a snail-covered altar of Cheibriados.
  2174 | D:4      | Found a basalt altar of Yredelemnul.
  2178 | D:4      | Found a sacrificial altar of Ru.
  2178 | D:4      | Found a burning altar of Makhleb.
  2245 | D:4      | Became a worshipper of Makhleb the Destroyer
  2245 | D:4      | Reached * piety under Makhleb
  2245 | D:4      | Reached ** piety under Makhleb
  2274 | D:4      | Found a shattered altar of Ashenzari.
  2449 | D:4      | Reached skill level 6 in Unarmed Combat
  2602 | D:5      | Entered Level 5 of the Dungeon
  2610 | D:5      | Reached skill level 1 in Throwing
  2641 | D:5      | Reached XP level 7. HP: 63/67 MP: 6/6
  2805 | D:5      | Found an ornate altar of the Wu Jian Council.
  3029 | D:5      | Noticed a hornet
  3042 | D:5      | HP: 3/67 [poisoned by a hornet]
  3142 | D:5      | Slain by a hornet

Vault maps used:
D:1:      mainiacjoe_arrival_reflecting_pool, palyth_stone_intersect
D:2:      minmay_pentomino_x4
D:3:      first_ration, hex_medium
D:4:      evilmike_ruin_ashenzari, nicolae_gozag_seed_capital,
          grunt_temple_overflow_open, uniq_grinder
D:5:      lemuel_doored_altar

Skill      XL: |  1  2  3  4  5  6 |
---------------+-------------------+-----
Dodging        | 3 4 |  4.2
Unarmed Combat | 4 5 6 |  6.5
Fighting       | 3 |  3.5
Throwing       | 1 |  1.7
Stealth        | |  1.0

Action                   |  1- 3 |  4- 6 |  7- 9 || total
-------------------------+-------+-------+-------++-------
Melee: Unarmed           |    90 |   117 |    54 ||   261
       Punch             |       |     3 |     2 ||     5
  Use: Scroll            |       |     8 |     2 ||    10
       Potion            |       |     1 |     1 ||     2
 Stab: Sleeping          |       |     3 |     1 ||     4
       Distracted        |       |     1 |       ||     1
  Eat: Ration            |     2 |     4 |     1 ||     7
       Chunk             |       |     3 |       ||     3
Armor: Robe              |    25 |    35 |    18 ||    78
Dodge: Dodged            |    35 |    59 |    32 ||   126

Table legend:
 A = Spawn XP
 B = Non-spawn XP
 C = Spawn XP percentage of total XP
 D = Spawn monster count
 E = Non-spawn monster count
 F = Spawn count percentage of total count
 G = Total turns spent on level
                    A         B        C        D         E        F      G
               +---------+---------+-------+---------+---------+-------+---------
         Total |       0 |    1001 |   0.0 |       0 |      98 |   0.0 |  3142
               +---------+---------+-------+---------+---------+-------+---------
           D:1 |       0 |      60 |   0.0 |       0 |      29 |   0.0 |   691
           D:2 |       0 |      73 |   0.0 |       0 |      18 |   0.0 |   695
           D:3 |       0 |      64 |   0.0 |       0 |       9 |   0.0 |   440
           D:4 |       0 |     486 |   0.0 |       0 |      21 |   0.0 |   776
           D:5 |       0 |     318 |   0.0 |       0 |      21 |   0.0 |   540
               +---------+---------+-------+---------+---------+-------+---------
